 Dungeon Crawl Stone Soup version 0.31-a0-984-gbfb7dba898 (webtiles) character file.

Game seed: 2233000709785230628

2692 Gargoyl the Chopper (level 9, -1/56 HPs)
             Began as a Gargoyle Berserker on Nov 3, 2023.
             Was a Priest of Trog.
             Killed from afar by an electric eel (3 damage)
             ... with a bolt of electricity
             ... on level 6 of the Dungeon.
             The game lasted 00:07:40 (5150 turns).

Gargoyl the Chopper (Gargoyle Berserker)            Turns: 5150, Time: 00:07:41

Health: -1/56      AC: 15    Str: 21    XL:     9   Next: 65%
Magic:  9/9        EV: 12    Int:  8    God:    Trog [***...]
Gold:   371        SH:  0    Dex: 13    Spells: 8/8 levels left

rFire   . . .        v - +2 battleaxe (elec)
rCold   . . .        (shield currently unavailable)
rNeg    + . .        m - +0 ring mail
rPois   ∞            (no helmet)
rElec   +            n - +1 cloak
rCorr   .            (no gloves)
SInv    .            (no boots)
Will    .....        (no amulet)
Stlth   +            (no ring)
HPRegen 0.29/turn    (no ring)
MPRegen 0.11/turn

%: no passive effects
@: on berserk cooldown, slowed, very slow
A: sickness immunity, AC +6, negative energy resistance 1, electricity
resistance, torment resistance 1, petrification resistance
a: Renounce Religion, Berserk, Trog's Hand


You were on level 6 of the Dungeon.
You worshipped Trog.
Trog was most pleased with you.
You visited 1 branch of the dungeon, and saw 7 of its levels.

You collected 371 gold pieces.

Inventory:

Hand Weapons
 a - a +0 hand axe of flaming
 i - the +2 trident "Epriexib" {holy, rElec rN+ Str+2 Dex-2}
   (You found it on level 4 of the Dungeon)

   Str+2:     It affects your strength (+2).
   Dex-2:     It affects your dexterity (-2).
   rElec:     It insulates you from electricity.
   rN+:       It protects you from negative energy.
 o - the +7 long sword of Instant Death {speed, *Slow rN+ Dex+6}
   (You found it on level 4 of the Dungeon)

   Dex+6:     It affects your dexterity (+6).
   rN+:       It protects you from negative energy.
   *Slow:     It may slow you when you take damage.
 v - a +2 battleaxe of electrocution (weapon)
Missiles
 d - 4 poisoned darts (quivered)
Armour
 m - a +0 ring mail (worn)
 n - a +1 cloak (worn)
Jewellery
 h - the ring "Poxideat" {rElec rPois rF- Str+6 Dex+6}
   (You found it on level 4 of the Dungeon)

   [ring of strength]

   Str+6:     It affects your strength (+6).
   Dex+6:     It affects your dexterity (+6).
   rF-:       It makes you vulnerable to fire.
   rElec:     It insulates you from electricity.
   rPois:     It protects you from poison
Wands
 p - a wand of iceblast (15)
 q - a wand of charming (14)
Scrolls
 g - a scroll of fear
 r - a scroll of fog
 s - a scroll of brand weapon
Potions
 b - a potion of invisibility {unknown}
 c - a potion of mutation {unknown}
 e - a potion of cancellation {unknown}
 f - 2 potions of magic {unknown}
 j - a potion of haste {unknown}
 l - a potion of enlightenment {unknown}
 t - a potion of curing {unknown}


   Skills:
 + Level 6.7 Fighting
 + Level 4.6 Long Blades
 + Level 7.0 Axes
 + Level 6.4 Armour
 + Level 4.4 Dodging
 + Level 1.5 Stealth


You had 8 spell levels left.
You didn't know any spells.
Your spell library was empty.

Dungeon Overview and Level Annotations

Branches:
Dungeon (7/15)             Temple (0/1) D:7

Altars:
Cheibriados
Fedhas
Okawaru
Zin

Shops:
D:3 (   D:4 [

Annotations:
D:4 2 runed translucent doors


Innate Abilities, Weirdness & Mutations

You are immune to sickness and miasma.
Your stone body is resilient. (AC +6)
You are immune to poison.
You resist negative energy. (rN+)
You are resistant to electric shocks. (rElec)
You are resistant to unholy torment.
You are immune to petrification.


Message History

You are no longer berserk.
You are exhausted.
You feel yourself slow down.
The electric eel shoots out a bolt of lightning at you!
The bolt of electricity hits the electric eel.
The electric eel completely resists.
The bolt of electricity hits you. You resist.
* * * LOW HITPOINT WARNING * * *
The electric eel shoots out a bolt of lightning at you!
The bolt of electricity hits you but does no damage.
You resist.
The electric eel shoots out a bolt of lightning at you!
The bolt of electricity hits you. You resist.
* * * LOW HITPOINT WARNING * * *
The bolt of electricity misses you.
The electric eel shoots out a bolt of lightning at you!
The bolt of electricity hits you. You resist.
* * * LOW HITPOINT WARNING * * *
The electric eel shoots out a bolt of lightning at you!
The bolt of electricity hits you. You resist.
* * * LOW HITPOINT WARNING * * *
The electric eel shoots out a bolt of lightning at you!
The bolt of electricity hits you but does no damage.
You resist.
The electric eel shoots out a bolt of lightning at you!
The bolt of electricity misses the electric eel.
The bolt of electricity hits you. You resist.
* * * LOW HITPOINT WARNING * * *
The electric eel shoots out a bolt of lightning at you!
The bolt of electricity hits the electric eel.
The electric eel completely resists.
The bolt of electricity hits the electric eel.
The electric eel completely resists.
The bolt of electricity hits you. You resist.
* * * LOW HITPOINT WARNING * * *
The electric eel shoots out a bolt of lightning at you!
The bolt of electricity hits the electric eel.
The electric eel completely resists.
The bolt of electricity hits you. You resist.
You die...

≈≈..(#≈≈≈~.......#
##..~~~≈≈~~......#
~≈~.~≈≈≈≈≈~~.....#
~~♣..~≈≈≈~~~...?.#
~~.<.~≈≈~~≈......#
≈...~~~~~≈~.##
~!~≈≈≈~~S~.#
~.~≈#≈≈~S..#
~..~≈≈≈≈.@.## #
??.SSS≈≈#...##.#
≈~≈≈~~#........#
≈#~≈≈...#...####
~.≈≈##.##...############
..## ## #.#.##..........
#..#.#..>.#....
##.###........# #.##
##........#


You could see 5 electric eels.

Vanquished Creatures
  Grinder (D:3)
  Sigmund (D:3)
  Eustachio (D:5)
  A yak (D:4)
  Menkaure (D:4)
  A water moccasin (D:7)
  A black bear (D:5)
  2 ogres
  A centaur (D:4)
  A phantom (D:6)
  A kobold brigand (D:7)
  Blork the orc (D:4)
  2 scorpions
  6 wights
  An electric eel (D:6)
  A howler monkey (D:4)
  5 orc priests (D:5)
  Jessica (D:3)
  A gnoll bouda (D:7)
  4 iguanas
  2 sleepcaps
  5 orc wizards (D:5)
  Ijyb (D:3)
  7 gnolls
  8 adders
  3 river rats (D:3)
  A white imp (D:5)
  A worm (D:3)
  8 dart slugs
  11 orcs
  8 ball pythons
  3 bats
  4 endoplasms
  5 giant cockroaches
  5 goblins
  7 hobgoblins
  2 jackals (D:2)
  15 kobolds
  5 quokkas
  3 frilled lizards (D:2)
  9 rats
147 creatures vanquished.

Notes
Turn   | Place    | Note
-------+----------+-------------------------------------------
     0 | D:1      | Gargoyl the Gargoyle Berserker began the quest for the Orb.
     0 | D:1      | Reached XP level 1. HP: 14/14 MP: 1/1
   233 | D:1      | Reached XP level 2. HP: 17/19 MP: 2/2
   234 | D:1      | Reached skill level 3 in Axes
   479 | D:1      | Reached XP level 3. HP: 24/24 MP: 3/3
   564 | D:1      | Reached ** piety under Trog
   979 | D:2      | Reached XP level 4. HP: 26/29 MP: 4/4
  1706 | D:3      | Noticed Jessica
  1720 | D:3      | Killed Jessica
  1842 | D:3      | Noticed Grinder
  1851 | D:3      | Paralysed by Grinder for 4 turns
  1870 | D:3      | Paralysed by Grinder for 4 turns
  1898 | D:3      | Killed Grinder
  1899 | D:3      | Reached skill level 4 in Axes
  1899 | D:3      | Reached skill level 1 in Stealth
  1899 | D:3      | Reached XP level 5. HP: 12/34 MP: 5/5
  1899 | D:3      | Reached XP level 6. HP: 13/39 MP: 6/6
  1988 | D:3      | Noticed Sigmund
  1997 | D:3      | Killed Sigmund
  1998 | D:3      | Reached skill level 5 in Axes
  1998 | D:3      | Reached XP level 7. HP: 44/44 MP: 7/7
  2159 | D:3      | Found Ozegroxt's Weapon Shoppe.
  2296 | D:3      | Noticed Ijyb
  2318 | D:3      | Killed Ijyb
  2641 | D:4      | Found a snail-covered altar of Cheibriados.
  2773 | D:4      | Noticed Blork the orc
  2778 | D:4      | Killed Blork the orc
  2803 | D:4      | Found a large runed translucent door.
  2803 | D:4      | Found a large runed translucent door.
  2805 | D:4      | Found a large runed translucent door.
  2805 | D:4      | Found a large runed translucent door.
  2836 | D:4      | Noticed a yak
  2859 | D:4      | Identified the ring "Poxideat" {rElec rPois rF- Str+6
                  | Dex+6}
  3095 | D:4      | Noticed Menkaure
  3099 | D:4      | Killed Menkaure
  3157 | D:4      | Found Waqurex's Armour Emporium.
  3206 | D:4      | Reached *** piety under Trog
  3207 | D:4      | Reached skill level 5 in Fighting
  3281 | D:4      | Reached skill level 6 in Axes
  3281 | D:4      | Reached XP level 8. HP: 39/49 MP: 8/8
  3333 | D:4      | Reached skill level 5 in Armour
  3341 | D:4      | Identified the +2 trident "Epriexib" {holy, rElec rN+ Str+2
                  | Dex-2}
  3446 | D:4      | Killed a yak
  3450 | D:4      | Identified the +7 long sword of Instant Death {speed, *Slow
                  | rN+ Dex+6}
  3489 | D:5      | Entered Level 5 of the Dungeon
  3702 | D:5      | Noticed Eustachio
  3723 | D:5      | Killed Eustachio
  3724 | D:5      | Reached skill level 1 in Long Blades
  4047 | D:5      | Reached XP level 9. HP: 54/55 MP: 9/9
  4434 | D:5      | Found a blossoming altar of Fedhas.
  4444 | D:5      | Found a glowing silver altar of Zin.
  4448 | D:5      | Found an iron altar of Okawaru.
  5032 | D:7      | Reached skill level 7 in Axes
  5150 | D:6      | HP: 2/56 [electric eel/bolt of electricity (3)]
  5150 | D:6      | Killed from afar by an electric eel

Illustrated notes

Levels and vault maps discovered:
D:1:      evilmike_arrival_hilbert_curve, layout_basic, minmay_quantized
D:2:      layout_loops_cross
D:3:      layout_loops_cross, serial_shops, shop, portal_sewer_entry_e,
          uniq_ijyb, uniq_sigmund, uniq_jessica, uniq_grinder
D:4:      layout_basic, mainiacjoe_overflow_small_starburst, serial_shops,
          nicolae_shop_back_alley_shop, minmay_hollow_rounded_squares,
          uniq_blork_the_orc, uniq_menkaure
D:5:      layout_loops_ring, minmay_overflow_temple_star_quad, uniq_eustachio
D:6:      kennysheep_slugbush, layout_loops_ring, kennysheep_pointless_box,
          minmay_misc_feat_square
D:7:      layout_rooms, mainiacjoe_overflow_six_doors_small,
          lemuel_temple_firewalk_b, minmay_crystal_water, st_stairs_4,
          kennysheep_generic_room_10

Skill      XL: |  1  2  3  4  5  6  7  8  9 |
---------------+----------------------------+-----
Axes           | 3 4 5 6 7 |  7.0
Dodging        | 2 3 4 |  4.4
Fighting       | 4 5 6 |  6.7
Armour         | 3 4 6 |  6.4
Stealth        | 1 |  1.5
Long Blades    | 2 4 |  4.6

Action                     |  1- 3 |  4- 6 |  7- 9 || total
---------------------------+-------+-------+-------++-------
  Melee: Hand axe          |    75 |    88 |   146 ||   309
         Long sword        |       |       |   117 ||   117
         Punch             |       |       |     1 ||     1
         Battleaxe         |       |       |    37 ||    37
  Throw: Dart              |       |       |     2 ||     2
 Invoke: Trog's Hand       |       |     3 |     3 ||     6
         Berserk           |       |     3 |     9 ||    12
    Use: Scroll            |     1 |     1 |    10 ||    12
 Armour: Animal skin       |    43 |       |       ||    43
         Ring mail         |     9 |    67 |   269 ||   345
  Dodge: Dodged            |    48 |    57 |   197 ||   302

Table legend: (Time is in decaauts)
 A = Elapsed time spent in this place.
 B = Non-inter-level travel time spent in this place.
 C = Inter-level travel time spent in this place.
 D = Time resting spent in this place.
 E = Time spent auto-exploring this place.
 F = Levels seen in this place.
 G = Mean time per level.
                   A        B        C        D        E       F      G
               +--------+--------+--------+--------+--------+-----+--------+
         Total |   5278 |   5176 |    102 |    352 |   3523 |   7 |  754.0 |
       Dungeon |   5278 |   5176 |    102 |    352 |   3523 |   7 |  754.0 |
               +--------+--------+--------+--------+--------+-----+--------+

Top non-repeatable levels by time:
     D:5: 1174 daAuts
     D:3: 974 daAuts
     D:4: 900 daAuts
     D:2: 865 daAuts
     D:1: 856 daAuts
     D:6: 376 daAuts
     D:7: 130 daAuts
